 Dungeon Crawl Stone Soup version 0.22-a0-467-g5c5de1c (webtiles) character file.

441568 iamserjio the Phalangite (level 24, -1/279 HPs)
             Began as a Merfolk Monk on June 10, 2018.
             Was the Champion of Ru.
             Splashed by a brown very ugly thing's acid (6 damage)
             ... on level 5 of the Vaults.
             The game lasted 03:31:14 (58749 turns).

iamserjio the Phalangite (Merfolk Monk)            Turns: 58749, Time: 03:31:15

Health: -1/279     AC: 26    Str: 18    XL:     24   Next: 11%
Magic:  27/33      EV: 31    Int: 14    God:    Ru [******]
Gold:   2664       SH:  0    Dex: 21    Spells: 27/37 levels left

rFire    + . .     SeeInvis .   Z - +9 bardiche (vamp)
rCold    + . .     Gourm    .   (shield currently unavailable)
rNeg     + . .     Faith    .   (armour currently unavailable)
rPois    ∞         Spirit   .   k - +2 hat {Int+3}
rElec    +         Reflect  .   t - +2 cloak {+Inv}
rCorr    .         Harm     .   (gloves currently unavailable)
MR       +....                  (boots currently unavailable)
Stlth    +++.......             T - amulet of regeneration
HPRegen  0.96/turn              O - ring "Koatzer" {+Fly rC+ EV+3 Stlth+}
MPRegen  0.23/turn              w - ring of protection from fire

@: exhausted, statue-form, marked, corroded, no scrolls, very slightly
contaminated, very slow
A: (change form in water), (swift swim), (stealthy swim), agile 1, inability to
read while threatened, hated by all, inability to train armour, no conjurations
magic, no fire magic, no necromancy magic, reduced EV 1
}: 2/15 runes: decaying, serpentine
a: End Transformation, Draw Out Power, Power Leap, Apocalypse, Renounce
Religion, Evoke Invisibility, Evoke Flight


You were on level 5 of the Vaults.
You worshipped Ru.
Ru was exalted by your worship.
You were not hungry.
You were a stone statue.
You visited 8 branches of the dungeon, and saw 40 of its levels.
You visited the Abyss 3 times.
You visited 1 bazaar.
You also visited: Labyrinth, Trove and Ice Cave.

You collected 7126 gold pieces.
You spent 4462 gold pieces at shops.

Inventory:

Hand Weapons
 e - the +8 glaive of the Guard {elec, +Rage AC+5 SInv}
   (You found it in a treasure trove)

   Occasionally, upon striking a foe, it will discharge some electrical energy
   and cause terrible harm.
   It affects your AC (+5).
   It lets you see invisible.
   It lets you go berserk.
 L - the +6 trident "Yczej" {pierce, rPois rF+ Str+3 SInv}
   (You took it off a deep elf sorcerer on level 3 of the Elven Halls)

   It inflicts extra damage upon your enemies.
   It affects your strength (+3).
   It protects you from fire.
   It protects you from poison.
   It lets you see invisible.
 Z - a +9 vampiric bardiche (weapon)
Armour
 k - a +2 hat of intelligence (worn)
 p - a +2 pair of boots of running (melded)
 r - a scarf of resistance
 t - a +2 cloak of invisibility (worn)
 v - the +1 pair of gloves "Itryohoe" (melded) {rN+ rCorr Dex+4}
   (You found it on level 6 of the Lair of Beasts)

   It affects your dexterity (+4).
   It protects you from negative energy.
   It protects you from acid and corrosion.
 z - the +2 robe of Vines (melded) {NoPotionHeal Regen+7}
   (You found it on level 2 of the Vaults)

   It increases your rate of regeneration.
 X - a scarf of repulsion
Jewellery
 l - an uncursed amulet of the acrobat
 s - an uncursed amulet of rage
 w - a ring of protection from fire (right hand)
 x - a +2 ring of protection
 O - the ring "Koatzer" (left hand) {+Fly rC+ EV+3 Stlth+}
   (You found it in a labyrinth)

   [ring of evasion]

   It affects your evasion (+3).
   It protects you from cold.
   It lets you fly.
   It makes you more stealthy.
 T - an amulet of regeneration (around neck)
Wands
 y - a wand of digging (21)
 A - a wand of paralysis (47)
 B - a wand of disintegration (32)
 G - a wand of iceblast (50)
 J - a wand of acid (39)
 R - a wand of scattershot (11)
Scrolls
 b - 3 scrolls of vulnerability
 d - 5 scrolls of blinking
 i - 2 scrolls of identify
 j - 12 scrolls of teleportation
 q - 8 scrolls of fog
 u - 5 scrolls of fear
 D - 5 scrolls of magic mapping
 H - 10 scrolls of remove curse
 N - a scroll of holy word
 U - 4 scrolls of silence
Potions
 a - a potion of resistance
 f - 27 potions of curing
 g - 7 potions of heal wounds
 n - 9 potions of mutation
 o - 2 potions of might
 C - 3 potions of cancellation
 I - a potion of berserk rage
 K - 5 potions of agility
 P - 4 potions of magic
 S - 5 potions of brilliance
 V - 4 potions of haste
Miscellaneous
 h - a lamp of fire
 W - a lightning rod (4/4)
 Y - a fan of gales
Comestibles
 c - 38 rations


   Skills:
 * Level 23.4 Fighting
 - Level 26.0 Polearms
 + Level 23.5 Dodging
 - Level 2.1 Stealth
   Level 4.0 Shields
 - Level 7.0 Spellcasting
 - Level 18.0 Transmutations
 - Level 10.0 Earth Magic
 - Level 9.0 Evocations


You had 27 spell levels left.
You knew the following spells:

 Your Spells              Type           Power        Failure   Level  Hunger
a - Statue Form           Tmut/Erth      #####....    7%          6    #######
b - Passwall              Tmut/Erth      #####...     1%          2    #......
c - Blink                 Tloc           N/A          22%         2    #......

Your spell library contained the following spells:

 Spells                   Type           Power        Failure   Level  Hunger
 Cause Fear               Hex            #.........   80%         4    ####...
 Magic Dart               Conj           #...         14%         1    None
 Conjure Flame            Conj/Fire      #.......     38%         3    ##.....
 Bolt of Cold             Conj/Ice       #.........   100%        6    #######
 Lightning Bolt           Conj/Air       #.........   98%         5    ######.
 Bolt of Magma            Conj/Fire/Erth ##........   69%         5    ######.
 Slow                     Hex            #.......     22%         2    #......
 Confuse                  Hex            #.......     38%         3    ##.....
 Freezing Cloud           Conj/Ice/Air   #.........   100%        6    #######
 Mephitic Cloud           Conj/Pois/Air  #.......     38%         3    ##.....
 Venom Bolt               Conj/Pois      #.........   98%         5    ######.
 Olgreb's Toxic Radiance  Pois           #.......     80%         4    ####...
 Death's Door             Chrm/Necr      #.........   100%        8    #######
 Animate Dead             Necr           N/A          80%         4    ####...
 Pain                     Necr           #...         14%         1    None
 Animate Skeleton         Necr           N/A          14%         1    None
 Vampiric Draining        Necr           #.........   38%         3    ##.....
 Haunt                    Necr/Summ      #.........   100%        7    #######
 Borgnjor's Revivificati  Necr           #.........   100%        8    #######
 Ozocubu's Refrigeration  Ice            #.........   100%        6    #######
 Call Imp                 Summ           #.......     22%         2    #......
 Regeneration             Chrm/Necr      #.........   38%         3    ##.....
 Sting                    Conj/Pois      #...         14%         1    None
 Tukima's Dance           Hex            #.......     38%         3    ##.....
 Iron Shot                Conj/Erth      ###.......   95%         6    #######
 Spider Form              Tmut/Pois      ####......   1%          3    ##.....
 Blade Hands              Tmut           ######....   1%          5    ######.
 Ice Form                 Ice/Tmut       ####....     3%          4    ####...
 Necromutation            Tmut/Necr      ####......   100%        8    #######
 Confusing Touch          Hex            #.....       14%         1    None
 Sticks to Snakes         Tmut           ######..     0%          2    #......
 Ensorcelled Hibernation  Hex/Ice        #.....       22%         2    #......
 Metabolic Englaciation   Hex/Ice        #.........   98%         5    ######.
 Shatter                  Erth           ####......   100%        9    #######
 Static Discharge         Conj/Air       #.......     38%         3    ##.....
 Corona                   Hex            #......      14%         1    None
 Simulacrum               Ice/Necr       #.........   100%        6    #######
 Portal Projectile        Hex/Tloc       #.....       38%         3    ##.....
 Petrify                  Tmut/Erth      #####...     1%          4    ####...
 Orb of Destruction       Conj           #.........   100%        7    #######
 Tornado                  Air            #.........   100%        9    #######
 Leda's Liquefaction      Hex/Erth       ###.......   19%         4    ####...
 Inner Flame              Hex/Fire       #.......     38%         3    ##.....
 Beastly Appendage        Tmut           ######       0%          1    None
 Iskenderun's Battlesphe  Conj/Chrm      #.......     98%         5    ######.
 Dazzling Spray           Conj/Hex       #.....       38%         3    ##.....
 Spellforged Servitor     Conj/Summ      #.........   100%        7    #######
 Gell's Gravitas          Tloc           #.........   38%         3    ##.....
 Yara's Violent Unravell  Hex/Tmut       ####......   10%         5    ######.
 Infestation              Necr           #.........   100%        8    #######
 Poisonous Vapours        Pois/Air       #.....       22%         2    #......
 Ignition                 Fire           #.........   100%        8    #######


Dungeon Overview and Level Annotations

Branches:
Dungeon (15/15)            Temple (1/1) D:4            Lair (6/6) D:10
  Swamp (4/4) Lair:2        Snake (4/4) Lair:4        Slime (0/5) Lair:6
    Orc (2/2) D:12            Elf (3/3) Orc:2        Vaults (5/5) D:13
  Crypt (0/3) Vaults:3
 Depths: D:15

Altars:
Ashenzari
Cheibriados
Dithmenos
Elyvilon
Fedhas
Gozag
Hepliaklqana
Kikubaaqudgha
Makhleb
Nemelex Xobeh
Okawaru
Qazlal
Ru
Sif Muna
Trog
Uskayaw
Vehumet
Wu Jian
Xom
Yredelemnul
Zin
The Shining One
Beogh

Shops:
D:5 *   D:8 !!   D:9 !   Orc:2 }((*   Vaults:3 (}:(%   Vaults:4 (
Vaults:5 (}=

Annotations:
D:8 exclusions: 2 electric eels and 1 more exclusion
D:15 Josephine, Rupert
Snake:2 1 exclusion


Innate Abilities, Weirdness & Mutations

((You revert to your normal form in water.))
((You are very nimble and swift while swimming.))
((You are very stealthy in the water. (Stealth+)))
You cannot read scrolls while threatened.
You are hated by all.
You cannot train Armour skill.
You cannot study or cast Conjurations magic.
You cannot study or cast Fire magic.
You cannot study or cast Necromancy magic.
You have somewhat slow reflexes. (EV -5)
You are agile. (Dex +2)


Message History

Okay, then.
Okay, then.
Okay, then.
Okay, then.
Casting: Statue Form (slightly dangerous; 7% risk of failure)
Confirm with . or Enter, or press ? or * to list all spells.
Okay, then.
Casting: Statue Form (slightly dangerous; 7% risk of failure)
Confirm with . or Enter, or press ? or * to list all spells.
You miscast Blink.
You are very lightly contaminated with residual magic.
You spin around.
The vault guard is no longer berserk.
The vault guard dissolves into shadows!
The vault guard hits you with a battleaxe!!
* * * LOW HITPOINT WARNING * * *
The storm dragon begins to attack, but is stunned by your will!
The brown very ugly thing tail-slaps you!!
* * * LOW HITPOINT WARNING * * *
You are splashed with acid!
The acid burns!
You die...

#.. #.. #.. #..# #... .. #..
#..##.... ...#.. #..#...# ..p#..
#.....# ......
#....#######################....
#........eD....8pppcapD..p...C..
#........32....pup.pppD(p......<
#.........5..()se)(p(...p.....pp
#........(.5))))(c((()........C<
#....#######################..Q.
#....)........ ......
#..#.......... ...#..
#..#...###... .. #.. #..#...# .
#..


You could see 3 ironheart preservers, 3 storm dragons, a brown very ugly thing
(berserk), a vault warden, a yaktaur captain, 2 vault guards, a green death, an
entropy weaver shaped shifter, a deep elf elementalist, a wolf spider, a deep
elf demonologist, 2 vault sentinels, 2 ironbrand convokers, a yaktaur, a
ynoxinul and 2 ufetubi.

Vanquished Creatures
  Sojobo (Vaults:2)
  Bai Suzhen (Swamp:3)
  Vashnia (Snake:4)
  the Lernaean hydra (Swamp:4)
  Saint Roka (Snake:4)
  A golden dragon (Vaults:5)
  Nikola (Swamp:2)
  A bone dragon (Abyss:2)
  Jorgrun (Snake:2)
  A lich (Vaults:5)
  3 tentacled monstrosities
  An Ice Fiend (IceCv)
  A quicksilver dragon (Vaults:5)
  3 deep elf blademasters
  2 deep elf master archers (Elf:3)
  3 titans (Vaults:5)
  4 tentacled starspawn
  Kirke (D:13)
  5 storm dragons
  A thorn hunter (Swamp:2)
  2 sphinxes
  7 tengu reavers
  2 shadow dragons (Vaults:5)
  12 nagarajas
  Roxanne (Elf:3)
  An orc warlord (Orc:1)
  4 fire giants
  4 frost giants
  Louise (Snake:4)
  9 deep elf sorcerers
  19 vault wardens
  12 ironheart preservers
  2 deep elf elementalists (Elf:3)
  A very ugly thing (Swamp:3)
  An entropy weaver (Vaults:4)
  8 stone giants
  A green draconian (Abyss:3)
  3 deep elf demonologists
  2 war gargoyles (Vaults:5)
  A lorocyproca (Abyss:3)
  5 deep elf annihilators
  A minotaur (Lab)
  5 deep elf death magi
  3 ettins
  6 deep elf high priests
  10 yaktaur captains
  A fire dragon (Vaults:2)
  An ice dragon (Vaults:3)
  2 great orbs of eyes
  A ghost crab (Swamp:1)
  5 centaur warriors
  2 rakshasas
  13 hydras
  37 vault guards
  2 catoblepae
  16 naga warriors
  10 anacondas
  9 death yaks (Lair:6)
  A deep troll shaman (Lair:6)
  15 ogre magi
  5 alligators
  28 dancing weapons
  A deep troll earth mage (Vaults:2)
  Urug (D:13)
  46 two-headed ogres
  18 naga sharpshooters
  6 hell knights (Vaults:5)
  9 shock serpents
  4 orc high priests
  The ghost of Miyamura the Insei, a novice OpTm of Ashenzari (D:8)
  2 thrashing horrors (Abyss:2)
  Sonja (D:13)
  18 deep elf knights
  5 skeletal warriors (Vaults:2)
  A wretched star (Abyss:2)
  A storm dragon skeleton (Vaults:5)
  2 salamander mystics (Snake:3)
  3 unseen horrors
  3 glowing orange brains
  2 spriggan druids (Swamp:4)
  A glowing orange brain (shapeshifter) (Vaults:5)
  A flayed ghost (Vaults:3)
  6 deep trolls
  13 swamp dragons
  2 sea snakes (Snake:1)
  4 wizards
  15 deep elf archers
  3 phantasmal warriors
  5 naga ritualists
  4 necromancers
  14 ironbrand convokers
  2 shambling mangroves (Swamp:3)
  A sphinx zombie (Vaults:5)
  67 deep elf magi
  9 mana vipers
  An orc sorcerer (Vaults:4)
  15 orc knights
  26 ugly things
  8 cyclopes
  10 salamanders
  A wolf spider (Vaults:2)
  A manticore (D:15)
  A worldbinder (Abyss:2)
  A stone giant zombie (Vaults:2)
  17 vault sentinels
  21 naga magi
  19 guardian serpents
  A rust devil (Abyss:2)
  7 elephants
  31 black mambas
  A torpor snail (shapeshifter) (Elf:3)
  An orange demon (Abyss:2)
  3 apocalypse crabs
  2 ice statues
  5 smoke demons
  22 spiny frogs
  A rime drake (Lair:1)
  5 freezing wraiths
  3 gargoyles
  3 human zombies (Vaults:2)
  25 yaktaurs
  A spiny frog (shapeshifter) (D:13)
  A spriggan zombie (D:15)
  4 anaconda simulacra (IceCv)
  7 komodo dragons
  A demonic crawler (Abyss:2)
  3 efreet (Abyss:3)
  A minotaur skeleton (Lab)
  6 ice devils
  2 ancient zymes (Abyss:3)
  2 trolls (shapeshifter)
  A golden dragon simulacrum (IceCv)
  20 trolls
  11 tyrant leeches
  11 hornets
  A queen bee (shapeshifter) (Vaults:1)
  2 wolf spider simulacra (IceCv)
  Prince Ribbit (D:7)
  2 polar bears
  A slime creature (shapeshifter) (Vaults:4)
  14 slime creatures
  13 blink frogs
  9 hippogriffs
  13 bog bodies
  4 raiju
  A human simulacrum (Vaults:2)
  An ice dragon zombie (Abyss:2)
  6 dream sheep (Lair:6)
  A redback (shapeshifter) (Vaults:5)
  2 meliai zombies
  An air elemental (Elf:2)
  5 starcursed masses (Abyss:3)
  Eustachio (D:6)
  A redback (Vaults:4)
  3 vampires (Vaults:3)
  5 shadows
  52 yaks
  8 large abominations
  6 wyverns
  9 spriggans
  A wraith (Vaults:1)
  A fire bat (shapeshifter) (Vaults:3)
  2 tarantellas (shapeshifter)
  3 ynoxinuls (Abyss:2)
  22 humans (D:13)
  A dire elephant simulacrum (IceCv)
  3 fire elementals
  2 water elementals
  3 basilisks
  A hog (D:13)
  4 hungry ghosts
  A hog (shapeshifter) (Vaults:2)
  20 vampire mosquitoes
  2 death yak simulacra (IceCv)
  A chaos spawn (Abyss:2)
  5 harpy simulacra (IceCv)
  67 nagas
  10 small abominations
  14 insubstantial wisps
  4 wargs
  2 acid dragons
  13 swamp worms
  An iron troll simulacrum (IceCv)
  14 porcupines
  A hydra simulacrum (IceCv)
  15 water moccasins
  3 ice beasts
  11 swamp drakes
  A black bear (D:9)
  A sky beast (shapeshifter) (Vaults:3)
  A hornet zombie (D:13)
  46 orc warriors
  An orc zombie (Vaults:2)
  A sky beast (D:5)
  An elf zombie (Vaults:5)
  An eye of draining (shapeshifter) (Vaults:4)
  3 ettin simulacra
  2 necrophages
  17 wolves
  5 boggarts (Vaults:2)
  A crocodile (shapeshifter) (Vaults:3)
  50 ogres
  11 centaurs
  12 crocodiles
  2 big kobolds
  Blork the orc (D:6)
  An earth elemental (Elf:2)
  16 bullfrogs
  A gnoll sergeant (D:8)
  2 human skeletons (Vaults:2)
  5 scorpions
  2 wyvern skeletons (D:9)
  A water moccasin skeleton (D:8)
  An orc simulacrum (Vaults:2)
  3 killer bees (D:8)
  8 wights
  8 howler monkeys
  An electric eel (D:15)
  12 crimson imps
  4 centaur zombies
  A lava snake (D:8)
  2 bullfrog zombies
  7 jellies
  3 quasits
  2 draconian simulacra (IceCv)
  7 hounds
  6 centaur skeletons
  16 orc priests
  Crazy Yiuf (D:6)
  2 bullfrog skeletons
  13 orc wizards
  3 iguanas
  A polar bear simulacrum (IceCv)
  12 worker ants
  4 troll simulacra (IceCv)
  A wolf simulacrum (IceCv)
  A centaur simulacrum (IceCv)
  A hound zombie (D:9)
  A hound skeleton (D:8)
  3 howler monkey zombies
  2 worker ant zombies
  7 gnolls
  3 howler monkey skeletons
  2 naga simulacra (IceCv)
  16 adders
  An ogre simulacrum (IceCv)
  3 shadow imps
  9 white imps
  9 ufetubi
  5 oozes (Lair:6)
  2 adder skeletons
  5 dart slugs
  2 leopard geckos
  107 orcs
  7 bats
  14 giant cockroaches
  2 hobgoblins
  12 jackals
  3 quokkas
  2 ball pythons
  2 frilled lizards
  5 goblins
  10 kobolds
  5 rats
  A briar patch (Swamp:2)
  A crawling corpse (Elf:3)
  A plant (D:14)
  A starspawn tentacle (Abyss:2)
1815 creatures vanquished.

Vanquished Creatures (others)
  A tengu reaver (Vaults:5)
  A thorn hunter (Swamp:4)
  A stone giant (Vaults:2)
  A deep elf demonologist (Elf:3)
  A deep elf high priest (Vaults:5)
  A yaktaur captain (Vaults:3)
  2 hydras
  A naga warrior (Snake:4)
  A two-headed ogre (Vaults:2)
  A naga sharpshooter (Snake:3)
  A vampire mage (Vaults:3)
  2 deep elf knights
  A spriggan (Swamp:3)
  A shadow wraith (Vaults:1)
  An unseen horror (D:12)
  A swamp dragon (Swamp:4)
  An ironbrand convoker (Vaults:4)
  2 necromancers
  2 deep elf magi
  2 ugly things
  A worldbinder (Abyss:2)
  A wolf spider (Vaults:4)
  A naga mage (Snake:4)
  A yaktaur (Vaults:2)
  A komodo dragon (D:12)
  A troll (Orc:2)
  A hornet (Swamp:3)
  A hippogriff (Lair:5)
  An ettin skeleton (Vaults:2)
  A yak (D:9)
  2 vampire mosquitoes
  A warg (Vaults:4)
  2 nagas
  An ogre (Vaults:1)
  3 centaurs (Vaults:3)
  A crocodile (D:10)
  2 white imps (IceCv)
  2 ufetubi (IceCv)
  4 orcs
  2 briar patches (Swamp:4)
  A crawling corpse (Elf:3)
  17 fungi
  A lurking horror (Abyss:3)
  17 plants
  11 starspawn tentacles
  10 withered plants (D:15)
112 creatures vanquished.

Grand Total: 1927 creatures vanquished

Notes
Turn   | Place    | Note
-------+----------+-------------------------------------------
     0 | D:1      | iamserjio the Merfolk Monk began the quest for the Orb.
     0 | D:1      | Reached XP level 1. HP: 18/18 MP: 1/1
   573 | D:1      | Reached XP level 2. HP: 22/24 MP: 2/2
   760 | D:1      | Reached skill level 5 in Polearms
  1263 | D:1      | Reached XP level 3. HP: 20/30 MP: 3/3
  2130 | D:2      | Reached XP level 4. HP: 37/37 MP: 4/4
  2152 | D:2      | Reached skill level 6 in Polearms
  2252 | D:2      | Found a glowing golden altar of the Shining One.
  2709 | D:2      | Reached skill level 5 in Dodging
  2709 | D:2      | Reached XP level 5. HP: 36/42 MP: 5/5
  4038 | D:3      | Reached skill level 7 in Polearms
  4685 | D:4      | Found a burning altar of Makhleb.
  4696 | D:4      | Reached XP level 6. HP: 39/49 MP: 6/6
  4891 | D:4      | Reached skill level 1 in Evocations
  5165 | D:4      | Found a staircase to the Ecumenical Temple.
  5225 | Temple   | Entered the Ecumenical Temple
  5232 | Temple   | Became a worshipper of Ru the Awakened
  5242 | D:4      | Gained mutation: You are hated by all. [Ru sacrifice]
  5242 | D:4      | Reached * piety under Ru
  5728 | D:5      | Entered Level 5 of the Dungeon
  5798 | D:5      | Reached skill level 8 in Polearms
  5967 | D:5      | Found a glowing golden altar of the Shining One.
  5980 | D:5      | Reached XP level 7. HP: 43/55 MP: 8/8
  6137 | D:5      | Reached skill level 5 in Fighting
  6507 | D:5      | Reached skill level 9 in Polearms
  6614 | D:5      | Found Ireozoac's Serpentskin Sales.
  6632 | D:5      | Reached XP level 8. HP: 48/62 MP: 8/10
  6903 | D:5      | Bought 7 curare-tipped needles for 46 gold pieces
  7020 | D:6      | Noticed Blork the orc
  7119 | D:6      | Noticed Eustachio
  7228 | D:6      | Killed Eustachio
  7228 | D:6      | Reached skill level 10 in Polearms
  7448 | D:6      | Found a transporter.
  7505 | D:6      | Killed Blork the orc
  7573 | D:6      | Reached skill level 11 in Polearms
  7573 | D:6      | Reached XP level 9. HP: 67/70 MP: 10/12
  7604 | D:6      | Found a transporter.
  7736 | D:6      | Found a deep blue altar of Sif Muna.
  7737 | D:6      | Found a radiant altar of Vehumet.
  7791 | D:6      | Found a runed door.
  7846 | D:6      | Noticed Crazy Yiuf
  7856 | D:6      | Killed Crazy Yiuf
  8125 | D:7      | Noticed Prince Ribbit
  8134 | D:7      | Killed Prince Ribbit
  8356 | D:7      | Found an ornate altar of the Wu Jian Council.
  8393 | D:7      | Gained mutation: You cannot read scrolls while threatened. [Ru sacrifice]
  8393 | D:7      | Reached ** piety under Ru
  8438 | D:7      | Noticed a hornet
  8449 | D:7      | Killed a hornet
  8449 | D:7      | Reached skill level 12 in Polearms
  8464 | D:7      | Noticed an ice statue
  8670 | D:7      | Reached skill level 5 in Evocations
  9106 | D:7      | Killed an ice statue
  9182 | D:8      | Noticed Miyamura's ghost (novice OpTm)
  9202 | D:8      | Killed Miyamura's ghost
  9202 | D:8      | Reached skill level 13 in Polearms
  9202 | D:8      | Reached XP level 10. HP: 79/79 MP: 13/13
  9260 | D:8      | Found Ufeasud's Distillery.
  9634 | D:8      | Reached skill level 14 in Polearms
 10019 | D:8      | Reached skill level 10 in Dodging
 10456 | D:8      | Bought a potion of heal wounds for 70 gold pieces
 10456 | D:8      | Bought a potion of degeneration for 14 gold pieces
 10456 | D:8      | Bought a potion of haste for 140 gold pieces
 10456 | D:8      | Bought a potion of agility for 56 gold pieces
 10456 | D:8      | Bought 2 potions of curing for 84 gold pieces
 10456 | D:8      | Bought a potion of curing for 42 gold pieces
 11121 | D:9      | Found Ekeagin's Distillery.
 11536 | D:9      | Noticed a two-headed ogre
 12575 | D:9      | Reached XP level 11. HP: 88/88 MP: 14/14
 12577 | D:9      | Killed a two-headed ogre
 12577 | D:9      | Reached skill level 15 in Polearms
 12682 | D:9      | Noticed a cyclops
 12698 | D:9      | Killed a cyclops
 12782 | D:9      | Gained mutation: You cannot train Armour skill. [Ru sacrifice]
 12782 | D:9      | Reached *** piety under Ru
 12782 | D:9      | Reached **** piety under Ru
 13401 | D:9      | Reached skill level 10 in Fighting
 13413 | D:9      | Reached skill level 16 in Polearms
 13839 | D:10     | Entered Level 10 of the Dungeon
 13859 | D:10     | Noticed a two-headed ogre
 14192 | D:10     | Killed a two-headed ogre
 14409 | D:10     | Found a staircase to the Lair.
 15178 | D:10     | Found a hazy altar of Hepliaklqana.
 16021 | D:11     | Reached XP level 12. HP: 99/99 MP: 15/15
 16723 | D:12     | Noticed a rakshasa
 16764 | D:12     | Killed a rakshasa
 17268 | D:12     | Found a basalt altar of Yredelemnul.
 17339 | D:12     | Noticed a five-headed hydra
 17357 | D:12     | Killed a five-headed hydra
 17703 | D:12     | Noticed a five-headed hydra
 17918 | D:12     | Killed a five-headed hydra
 17961 | D:12     | Found a portal to a secret trove of treasure.
 18554 | D:12     | Found a staircase to the Orcish Mines.
 18821 | D:13     | Got a jewelled leather armour
 18846 | D:13     | Noticed a two-headed ogre
 18849 | D:13     | Noticed Sonja
 18857 | D:13     | Killed a two-headed ogre
 18863 | D:13     | Killed Sonja
 18982 | D:13     | Reached skill level 15 in Dodging
 19012 | D:13     | Noticed a vault guard
 19035 | D:13     | Killed a vault guard
 19035 | D:13     | Reached XP level 13. HP: 110/110 MP: 16/16
 19159 | D:13     | Reached skill level 17 in Polearms
 19313 | D:13     | Found a gate to the Vaults.
 19344 | D:13     | Noticed a vault guard
 19369 | D:13     | Killed a vault guard
 19384 | D:13     | Identified the +0 leather armour "Zynkaduva" {+Blink rPois MR- Dex+3} (You found it on level 13 of the Dungeon)
 19545 | D:13     | Noticed Kirke
 19559 | D:13     | Killed Kirke
 19643 | D:13     | Reached skill level 18 in Polearms
 19950 | D:13     | Noticed Urug
 19967 | D:13     | Killed Urug
 21584 | D:15     | Entered Level 15 of the Dungeon
 21597 | D:15     | Reached skill level 19 in Polearms
 21614 | D:15     | Gained mutation: You cannot study or cast Fire magic. [Ru sacrifice]
 21614 | D:15     | Gained mutation: You cannot study or cast Necromancy magic. [Ru sacrifice]
 21614 | D:15     | Gained mutation: You cannot study or cast Conjurations magic. [Ru sacrifice]
 21614 | D:15     | Reached ***** piety under Ru
 22059 | D:15     | Reached XP level 14. HP: 109/119 MP: 17/17
 22156 | D:15     | Noticed Rupert
 22248 | D:15     | Noticed Josephine
 22552 | Orc:1    | Entered Level 1 of the Orcish Mines
 22833 | Orc:2    | Entered Level 2 of the Orcish Mines
 22846 | Orc:1    | Found a roughly hewn altar of Beogh.
 23081 | Orc:2    | Found a staircase to the Elven Halls.
 23274 | Orc:1    | Reached skill level 20 in Polearms
 23573 | Orc:2    | Reached skill level 15 in Fighting
 23592 | Orc:2    | Noticed an orc warlord
 23646 | Orc:1    | Killed an orc warlord
 24093 | Orc:2    | Found Arisayd's Assorted Antiques.
 24096 | Orc:2    | Found Lipn's Weapon Shop.
 24098 | Orc:2    | Found Ziohyati's Weapon Boutique.
 24099 | Orc:2    | Found Sinin's Gadget Emporium.
 24439 | Orc:2    | Bought a bronze ring for 125 gold pieces
 24439 | Orc:2    | Bought a potion of heal wounds for 125 gold pieces
 24439 | Orc:2    | Bought a potion of heal wounds for 125 gold pieces
 24439 | Orc:2    | Bought a scroll labeled SINATHRA KUTWAS for 25 gold pieces
 24439 | Orc:2    | Bought a scroll of teleportation for 75 gold pieces
 24472 | Elf:1    | Entered Level 1 of the Elven Halls
 24503 | Elf:1    | Found a radiant altar of Vehumet.
 24635 | Elf:1    | Found a frozen archway.
 24639 | IceCv    | Entered an ice cave
 24888 | IceCv    | Reached XP level 15. HP: 108/130 MP: 19/19
 26844 | IceCv    | Noticed an Ice Fiend
 27043 | IceCv    | Killed an Ice Fiend
 27504 | IceCv    | Identified 2 scrolls of acquirement
 27522 | IceCv    | Identified a +0 pair of boots of running (You found it in an ice cave)
 28457 | Elf:1    | Found Peeq's Food Emporium.
 29321 | Elf:1    | Reached skill level 1 in Shields
 30237 | Elf:2    | Found a runed gate.
 30251 | Elf:2    | Found a runed gate.
 30253 | Elf:2    | Found a runed gate.
 30259 | Elf:2    | Noticed a deep elf blademaster
 30278 | Elf:2    | Killed a deep elf blademaster
 30278 | Elf:2    | Reached XP level 16. HP: 105/141 MP: 20/20
 31652 | Elf:3    | Entered Level 3 of the Elven Halls
 31663 | Elf:3    | Found a flickering gateway to a bazaar.
 31675 | Bazaar   | Entered a bazaar
 31677 | Bazaar   | Found Hicinyni's Magic Scroll Boutique.
 31681 | Bazaar   | Found Wetet's Assorted Antiques.
 31681 | Bazaar   | Found Jigiopn's Armour Boutique.
 31681 | Bazaar   | Found Zyqafuf's Gadget Boutique.
 31713 | Bazaar   | Bought a scroll of identify for 14 gold pieces
 31713 | Bazaar   | Bought a scroll of enchant weapon for 52 gold pieces
 31713 | Bazaar   | Bought a scroll of identify for 14 gold pieces
 31713 | Bazaar   | Bought a scroll of identify for 14 gold pieces
 31713 | Bazaar   | Bought a scroll of teleportation for 21 gold pieces
 31713 | Bazaar   | Bought a scroll of teleportation for 21 gold pieces
 31713 | Bazaar   | Bought a scroll of enchant weapon for 52 gold pieces
 31721 | Bazaar   | Bought a potion of mutation for 224 gold pieces
 31721 | Bazaar   | Bought a metal-bound book for 420 gold pieces
 31721 | Bazaar   | Bought a scroll of identify for 56 gold pieces
 31721 | Bazaar   | Bought a glowing scarf for 224 gold pieces
 31721 | Bazaar   | Bought a scroll of identify for 56 gold pieces
 31721 | Bazaar   | Bought a scroll labeled YXUOPAX GY QOSEESS for 28 gold pieces
 31721 | Bazaar   | Bought a potion of curing for 84 gold pieces
 31728 | Bazaar   | Bought a wand of digging (11) for 300 gold pieces
 31738 | Bazaar   | Bought the +5 cloak of Sabyag {-Cast MR+ Str+8 SInv} for 897 gold pieces
 31793 | Bazaar   | Bought a potion of curing for 84 gold pieces
 31793 | Bazaar   | Bought a potion of curing for 84 gold pieces
 31911 | Elf:3    | Got a heavily runed scale mail
 32251 | Elf:3    | Noticed Roxanne
 32273 | Elf:3    | Identified the cursed +1 scale mail "Zitukhle" {*Slow rC++ rN+ Int+2} (You found it on level 3 of the Elven Halls)
 32302 | Elf:3    | Killed Roxanne
 32303 | Elf:3    | Identified Roxanne's Tome of Transmutation (You took it off Roxanne on level 3 of the Elven Halls)
 32325 | Elf:3    | Learned a level 6 spell: Statue Form
 32541 | Elf:3    | Reached skill level 1 in Earth Magic
 32547 | Elf:3    | Reached skill level 1 in Transmutations
 32925 | Elf:3    | Gained mutation: You have somewhat slow reflexes. (EV -5) [Ru sacrifice]
 32925 | Elf:3    | Reached ****** piety under Ru
 33298 | Elf:3    | Reached skill level 1 in Spellcasting
 33304 | Elf:3    | Noticed a deep elf blademaster
 33427 | Elf:3    | Noticed a deep elf blademaster
 33463 | Elf:3    | Killed a deep elf blademaster
 33642 | Elf:3    | Noticed a deep elf master archer
 33674 | Elf:3    | Killed a deep elf blademaster
 33684 | Elf:3    | Killed a deep elf master archer
 33684 | Elf:3    | Reached XP level 17. HP: 107/150 MP: 21/21
 33951 | Elf:3    | Noticed a deep elf master archer
 33977 | Elf:3    | Killed a deep elf master archer
 34198 | Elf:3    | Noticed a Hell Sentinel
 34199 | Elf:3    | Noticed a Brimstone Fiend
 34319 | Elf:3    | Got a steaming chain mail
 34343 | Elf:3    | Identified the +1 chain mail of Vanity {Int+3} (You found it on level 3 of the Elven Halls)
 34380 | Elf:3    | Got a brightly glowing trident {pierce}
 34401 | Elf:3    | Identified the +6 trident "Yczej" {pierce, rPois rF+ Str+3 SInv} (You took it off a deep elf sorcerer on level 3 of the Elven Halls)
 34505 | Elf:1    | Bought a ration for 70 gold pieces
 34505 | Elf:1    | Bought a ration for 70 gold pieces
 34505 | Elf:1    | Bought a ration for 70 gold pieces
 34505 | Elf:1    | Bought a ration for 70 gold pieces
 34505 | Elf:1    | Bought a ration for 70 gold pieces
 34505 | Elf:1    | Bought a ration for 70 gold pieces
 34505 | Elf:1    | Bought a ration for 70 gold pieces
 34505 | Elf:1    | Bought a ration for 70 gold pieces
 34505 | Elf:1    | Bought a ration for 70 gold pieces
 34727 | Lair:1   | Entered Level 1 of the Lair of Beasts
 34747 | Lair:1   | Found a labyrinth entrance.
 34755 | Lab      | Entered a labyrinth
 35276 | Lab      | Got a faintly glowing brass ring
 35280 | Lab      | Identified the ring "Koatzer" {+Fly rC+ EV+3 Stlth+} (You found it in a labyrinth)
 35285 | Lab      | Got a scorched large shield
 35310 | Lab      | Identified the cursed +0 large shield of the Hare {rElec rCorr Str-5 SInv} (You found it in a labyrinth)
 35667 | Lair:1   | Reached skill level 5 in Transmutations
 36427 | Lair:2   | Found a staircase to the Swamp.
 36433 | Lair:2   | Reached skill level 5 in Earth Magic
 37703 | Lair:4   | Found a staircase to the Snake Pit.
 39024 | Lair:6   | Entered Level 6 of the Lair of Beasts
 39067 | Lair:6   | Reached skill level 5 in Spellcasting
 39120 | Lair:6   | Found a staircase to the Slime Pits.
 39691 | Lair:6   | Got a pair of pitted gloves
 39697 | Lair:6   | Identified the +1 pair of gloves "Itryohoe" {rN+ rCorr Dex+4} (You found it on level 6 of the Lair of Beasts)
 39858 | Lair:6   | Reached XP level 18. HP: 160/160 MP: 25/25
 40418 | Swamp:1  | Entered Level 1 of the Swamp
 40591 | Swamp:1  | Identified the Incunabulum of Confrontation and Changing
 40900 | Swamp:1  | Got a bloodstained leather armour
 40911 | Swamp:1  | Identified the cursed +1 leather armour of the Journeyman {rN+} (You found it on level 1 of the Swamp)
 41285 | Swamp:2  | Reached skill level 10 in Transmutations
 41741 | Swamp:2  | Noticed Nikola
 41760 | Swamp:2  | Killed Nikola
 42427 | Swamp:3  | Noticed Bai Suzhen
 42447 | Swamp:3  | Killed Bai Suzhen
 42622 | Swamp:3  | Got a faintly glowing scale mail
 42641 | Swamp:3  | Identified the +5 scale mail "Kebish" {+Blink rPois rC++ MR-} (You found it on level 3 of the Swamp)
 43310 | Swamp:4  | Entered Level 4 of the Swamp
 43845 | Swamp:4  | Noticed the 27-headed Lernaean hydra
 44362 | Swamp:4  | Killed the 27-headed Lernaean hydra
 44362 | Swamp:4  | Reached skill level 15 in Transmutations
 44362 | Swamp:4  | Reached XP level 19. HP: 166/166 MP: 26/26
 44367 | Swamp:4  | Got a decaying rune of Zot
 44546 | Snake:1  | Entered Level 1 of the Snake Pit
 46042 | Snake:2  | Noticed Jorgrun
 46060 | Snake:2  | Killed Jorgrun
 47297 | Snake:3  | Reached skill level 21 in Polearms
 48161 | Snake:4  | Entered Level 4 of the Snake Pit
 48811 | Snake:4  | Reached XP level 20. HP: 174/174 MP: 30/30
 48903 | Snake:4  | Reached skill level 22 in Polearms
 49042 | Snake:4  | Noticed Saint Roka
 49204 | Snake:4  | Killed Saint Roka
 49664 | Snake:4  | Noticed Vashnia
 49710 | Snake:4  | Killed Vashnia
 49968 | Snake:4  | Noticed Louise
 49979 | Snake:4  | Cast into level 3 of the Abyss (Louise)
 50117 | Abyss:3  | Learned a level 2 spell: Passwall
 50120 | Abyss:3  | Learned a level 2 spell: Blink
 50192 | Snake:4  | Escaped the Abyss
 50227 | Snake:4  | Killed Louise
 50249 | Snake:4  | Got a crude large shield
 50260 | Snake:4  | Identified the cursed +0 large shield "Essaseh" {SInv} (You took it off Louise on level 4 of the Snake Pit)
 50454 | Snake:4  | Reached skill level 23 in Polearms
 50643 | Snake:4  | Got a serpentine rune of Zot
 51556 | D:12     | You paid a toll of 18 scrolls of identify to enter a treasure trove
 51557 | Trove    | Entered a treasure trove
 51567 | Trove    | Found the +8 glaive of the Guard {elec, +Rage AC+5 SInv}
 51752 | D:9      | Bought a potion of magic for 80 gold pieces
 51752 | D:9      | Bought a potion of curing for 30 gold pieces
 51752 | D:9      | Bought a potion of curing for 30 gold pieces
 51752 | D:9      | Bought a potion of cancellation for 80 gold pieces
 51752 | D:9      | Bought a potion of agility for 40 gold pieces
 51870 | Vaults:1 | Entered Level 1 of the Vaults
 52341 | Vaults:1 | Reached XP level 21. HP: 182/182 MP: 28/31
 52562 | Vaults:1 | Reached skill level 24 in Polearms
 52620 | Vaults:1 | Found a roughly hewn altar of Beogh.
 53249 | Vaults:2 | Reached skill level 10 in Earth Magic
 53262 | Vaults:2 | Paralysed by an ogre mage for 7 turns
 53383 | Vaults:2 | Noticed Sojobo
 53406 | Vaults:2 | Killed Sojobo
 53548 | Vaults:2 | Paralysed by a great orb of eyes for 5 turns
 53614 | Vaults:2 | Cast into level 3 of the Abyss (vault warden)
 53793 | Vaults:2 | Escaped the Abyss
 53860 | Vaults:2 | Reached skill level 25 in Polearms
 54039 | Vaults:2 | Found the +2 robe of Vines {NoPotionHeal Regen+7}
 54231 | Vaults:2 | Found the +8 autumn katana {slice, Clar}
 54844 | Vaults:3 | Found Totuyworgh's Antique Weapon Shoppe.
 54897 | Vaults:3 | Found Xuybau's Gadget Shop.
 55093 | Vaults:3 | Found Uboeff's Weapon Shoppe.
 55427 | Vaults:3 | Found Honewab's Food Shop.
 55508 | Vaults:3 | Found a staircase to the Crypt.
 55550 | Vaults:3 | Reached XP level 22. HP: 192/192 MP: 26/32
 55588 | Vaults:3 | Found Uvup's Book Emporium.
 55715 | Vaults:3 | Reached skill level 26 in Polearms
 56163 | Vaults:4 | Gained mutation: You are agile. (Dex +2) [a cacodemon]
 57276 | Vaults:4 | Found Emneil's Antique Weapon Shoppe.
 57440 | Vaults:5 | Entered Level 5 of the Vaults
 57538 | Vaults:5 | Noticed a golden dragon
 57564 | Vaults:5 | Reached XP level 23. HP: 113/202 MP: 33/33
 57572 | Vaults:5 | Killed a golden dragon
 57636 | Vaults:5 | Cast into level 2 of the Abyss (a deep elf sorcerer)
 58131 | Abyss:2  | Paralysed by you for 7 turns
 58146 | Vaults:5 | Escaped the Abyss
 58260 | Vaults:5 | Found Eminies's Gadget Shoppe.
 58260 | Vaults:5 | Found Iloaveatt's Antique Weapon Shop.
 58263 | Vaults:5 | Found Zylaxzu's Jewellery Boutique.
 58678 | Vaults:5 | Reached XP level 24. HP: 214/214 MP: 33/33
 58749 | Vaults:5 | HP: 5/279 [brown very ugly thing (27)]
 58749 | Vaults:5 | Splashed by a brown very ugly thing's acid

Vault maps used:
D:1:      evilmike_arrival_crescent
D:2:      minmay_roachtagon, tso_metal_star
D:3:      first_ration
D:4:      makhleb_blood_cavern_becter, temple_statues
D:5:      basic_altar, guppyfry_shop_venom
D:6:      gammafunk_cloud_chamber, gammafunk_temple_overflow_statue,
          uniq_blork_the_orc, uniq_eustachio, uniq_crazy_yiuf_cottage
D:7:      lemuel_ice_statue, kennysheep_mini, the_bakery, uniq_prince_ribbit1
D:8:      serial_shops, nicolae_shop_stone, kennysheep_cross_bottleneck,
          hex_medium, st_stairs_12, serial_bayou_lake_a
D:9:      minmay_ornate_pinched, serial_shops, shop, kennysheep_generic_room_11
D:10:     david_lair_shrubbed, david_defended_altar_elf
D:11:     corexii_leaking_fountain
D:12:     hiddenorc2_lemuel, nicolae_trove_entry_crossroad, basic_altar
D:13:     grunt_vaults_entry_tiered, uniq_kirke, uniq_sonja, uniq_urug
D:14:     serial_bayou_lagoon_a
D:15:     gammafunk_depths_entry_grave, nicolae_dithmenos_shadow_blocks,
          serial_shops, nicolae_shop_waterfront, minivault_4, uniq_azrael,
          uniq_rupert, uniq_josephine
Temple:   nicolae_temple_no_exploring_needed
Lair:1:   lab_entry_generic, st_stairs_3, beast_lair_carwin_8, lemuel_fruit_tree
Lair:2:   minmay_swamp_entry_swarm, hibernation_bobbens
Lair:4:   minmay_snake_entry_guardpost_large
Lair:5:   grunt_megastairs_4, serial_bayou_shore_b
Lair:6:   grunt_lair_end_beastmaster, nicolae_slime_entry_slimehenge
Swamp:1:  hangedman_swamp_lotus
Swamp:2:  evilmike_swamp_ruin_house_6, uniq_nikola
Swamp:3:  nicolae_swamp_round_clearing, uniq_bai_suzhen
Swamp:4:  grunt_swamp_rune_castle
Snake:1:  serial_bayou_shore_a
Snake:2:  uniq_jorgrun
Snake:4:  snake_hunt, grunt_megastairs_1, uniq_louise, uniq_vashnia,
          uniq_saint_roka
Orc:1:    basic_altar
Orc:2:    st_orc_open
Elf:1:    eino_elf_arrival_altar, serial_shops, nicolae_shop_trees,
          portal_ice_cave_entry_pillars_three, spider_trap,
          lemuel_flamethrower_2
Elf:2:    serial_glass, glass_columns_b, glass_columns_b, glass_columns_a,
          glass_columns_b, glass_columns_b, glass_columns_b, glass_columns_a,
          glass_columns_b, basic_stair_grate_trap
Elf:3:    minmay_elf_hall_dome, serial_shops, bzr_entry_safe, st_stairs_6,
          nicolae_elf_big_sculpture_1, spider_trap, uniq_aizul, uniq_roxanne
Vaults:1: v_misc_31, nicolae_vaults_inception_statues,
          nicolae_vaults_hallways_thing, nicolae_vaults_little_squares_3,
          vaults_room_fours, vaults_room_door_hall, special_room_vaults,
          nicolae_vaults_little_squares_5, nicolae_vaults_network_periphery,
          nicolae_vaults_little_squares_1, nicolae_vaults_alarming,
          vaults_mumra_hex, nicolae_vaults_asterisk
Vaults:2: v_misc_10, vaults_room_pools, vaults_room_glass_cross,
          ontoclasm_vaults_chip, ontoclasm_vaults_chip,
          nicolae_vaults_sealed_display, ontoclasm_vaults_gateway,
          vaults_dpeg_ring, uniq_sojobo
Vaults:3: hangedman_vaults_pinch, nicolae_vaults_network_square,
          grunt_vaults_bifocal, minmay_crypt_entry_vampire_xt,
          hangedman_vaults_snaps, v_misc_10, nicolae_vaults_meeting,
          nicolae_vaults_circle_grid_b, nicolae_vaults_ninety_degrees,
          vaults_dpeg_encased_lava, hangedman_vaults_cutoff,
          vaults_room_large_hall, serial_shops, nicolae_shop_trees, shop, shop,
          nicolae_shop_window_shopping, shop
Vaults:4: nicolae_vaults_diagonal_hallway_8, v_rooms_2, ontoclasm_vaults_bender,
          v_pattern_2, v_misc_30, nicolae_vaults_specimen_jars,
          nicolae_vaults_circle_grid_a, v_alt_pattern_6,
          ontoclasm_vaults_shuriken, vaults_room_semicircle,
          nicolae_vaults_little_squares_5, nicolae_vaults_three_branches,
          nicolae_vaults_windows_and_doors_thing, serial_shops, shop
Abyss:2:  evilmike_abyss_exit_13, hangedman_decor_peaks_small
Abyss:3:  hangedman_abyss_river_spirits
Lab:      labyrinth_mini_lab, lab_statue, nicolae_lab_starburst,
          nicolae_lab_t_cross, labyrinth_skeletal_remains, nicolae_lab_x
Bazaar:   bazaar_minmay_cross
Trove:    trove_weapons_four_rooms
IceCv:    ice_cave_caverns_02

Skill      XL: |  1  2  3  4  5  6  7  8  9 10 11 12 13 14 15 16 17 18 19 20 21 22 23 |
---------------+----------------------------------------------------------------------+-----
Polearms       | 5 6 7 8 9 11 13 14 16 19 20 21 23 25 26 | 26.0
Fighting       | 4 5 6 8 9 11 13 14 15 17 18 19 20 21 23 | 23.4
Dodging        | 5 6 7 9 11 13 15 16 17 19 20 21 22 23 | 23.5
Evocations     | 1 2 4 5 6 9 |  9.0
Shields        | 4 |  4.0
Earth Magic    | 3 5 7 9 10 | 10.0
Transmutations | 3 8 15 16 17 18 | 18.0
Spellcasting   | 2 5 7 |  7.0
Stealth        | |  2.1

Action                   |  1- 3 |  4- 6 |  7- 9 | 10-12 | 13-15 | 16-18 | 19-21 | 22-24 || total
-------------------------+-------+-------+-------+-------+-------+-------+-------+-------++-------
Melee: Spear             |   104 |   168 |       |       |       |       |       |       ||   272
       Trident           |       |   131 |   327 |   356 |       |    54 |       |       ||   868
       Tailslap          |       |       |     1 |       |     5 |    67 |       |       ||    73
       Halberd           |       |       |       |   779 |   162 |       |       |       ||   941
       Demon trident     |       |       |       |       |  1059 |  1639 |  1008 |       ||  3706
       Glaive            |       |       |       |       |   105 |       |       |       ||   105
       Bardiche          |       |       |       |       |       |       |   790 |  1000 ||  1790
 Fire: Blowgun           |       |       |     7 |    17 |     7 |       |       |       ||    31
Throw: Tomahawk          |       |     4 |     3 |     3 |       |       |       |       ||    10
       Javelin           |       |       |       |       |     3 |       |       |       ||     3
 Cast: Statue Form       |       |       |       |       |       |       |    39 |    37 ||    76
       Passwall          |       |       |       |       |       |       |     2 |       ||     2
Invok: Sacrifice Love    |       |     1 |       |       |       |       |       |       ||     1
       Sacrifice Words   |       |       |     1 |       |       |       |       |       ||     1
       Reject Sacrifices |       |       |       |     1 |     1 |       |       |       ||     2
       Sacrifice Durabil |       |       |       |     1 |       |       |       |       ||     1
       Draw Out Power    |       |       |       |     1 |       |     2 |       |       ||     3
       Sacrifice Arcana  |       |       |       |       |     1 |       |       |       ||     1
       Power Leap        |       |       |       |       |     1 |     4 |     1 |     1 ||     7
       Sacrifice Health  |       |       |       |       |       |     1 |       |       ||     1
       Apocalypse        |       |       |       |       |       |       |     1 |     1 ||     2
 Abil: Evoke Berserk Rag |       |       |     6 |     6 |     5 |     4 |       |       ||    21
       Evoke Invisibilit |       |       |       |       |       |     1 |     1 |     3 ||     5
Evoke: Wand              |       |       |     2 |    12 |     7 |    13 |     2 |       ||    36
       Phial of floods   |       |       |       |       |       |     1 |       |       ||     1
       Lamp of fire      |       |       |       |       |       |       |       |     1 ||     1
  Use: Scroll            |       |     6 |     7 |    11 |    11 |    15 |    16 |    13 ||    79
       Potion            |       |     1 |       |     1 |     2 |     2 |     6 |     5 ||    17
 Stab: Sleeping          |     1 |     5 |     2 |     7 |     5 |    21 |    18 |     2 ||    61
       Distracted        |       |     2 |       |     7 |    18 |    18 |    13 |    12 ||    70
       Paralysed         |       |       |     7 |       |     8 |    12 |    17 |     6 ||    50
       Invisible         |       |       |       |     7 |    11 |     8 |    18 |    12 ||    56
  Eat: Chunk             |     3 |    12 |     9 |    25 |    24 |    25 |    28 |    12 ||   138
       Ration            |       |       |     3 |     5 |     5 |     6 |    10 |     6 ||    35
Armor: Ring mail         |    17 |    61 |    61 |       |       |       |       |       ||   139
       Plate armour      |       |       |    14 |       |    86 |       |       |       ||   100
       Scale mail        |       |       |     1 |   116 |       |    29 |       |       ||   146
       Troll leather arm |       |       |       |    52 |    76 |    76 |       |       ||   204
       Leather armour    |       |       |       |       |    31 |       |       |       ||    31
       Swamp dragon scal |       |       |       |       |       |    52 |    79 |       ||   131
       Skin              |       |       |       |       |       |       |   243 |   396 ||   639
       Robe              |       |       |       |       |       |       |    15 |    18 ||    33
Dodge: Dodged            |    56 |   164 |   156 |   516 |   620 |   866 |  1563 |  1499 ||  5440
Block: Buckler           |       |       |       |       |    11 |   227 |   179 |       ||   417

Table legend:
 A = Spawn XP
 B = Non-spawn XP
 C = Spawn XP percentage of total XP
 D = Spawn monster count
 E = Non-spawn monster count
 F = Spawn count percentage of total count
 G = Total turns spent on level
                    A         B        C        D         E        F      G
               +---------+---------+-------+---------+---------+-------+---------
         Total |   15018 |  831404 |   1.8 |      21 |    1819 |   1.1 | 58749
               +---------+---------+-------+---------+---------+-------+---------
           D:1 |       0 |      42 |   0.0 |       0 |      15 |   0.0 |  1550
           D:2 |       0 |     166 |   0.0 |       0 |      26 |   0.0 |  1821
           D:3 |       0 |      73 |   0.0 |       0 |      25 |   0.0 |  1182
           D:4 |       0 |     206 |   0.0 |       0 |       4 |   0.0 |  1178
           D:5 |       0 |     937 |   0.0 |       0 |      27 |   0.0 |  1498
           D:6 |       0 |    1371 |   0.0 |       0 |      25 |   0.0 |  1096
           D:7 |       0 |    1782 |   0.0 |       0 |      11 |   0.0 |   834
           D:8 |       0 |    3070 |   0.0 |       0 |      37 |   0.0 |  2883
           D:9 |       0 |    6011 |   0.0 |       0 |      45 |   0.0 |  2021
          D:10 |       0 |    3113 |   0.0 |       0 |      21 |   0.0 |  1608
          D:11 |       0 |    2578 |   0.0 |       0 |      31 |   0.0 |  1674
          D:12 |       0 |    8360 |   0.0 |       0 |      69 |   0.0 |  2046
          D:13 |       0 |   18700 |   0.0 |       0 |      57 |   0.0 |  2008
          D:14 |       0 |    5635 |   0.0 |       0 |      19 |   0.0 |  1266
          D:15 |       0 |    6031 |   0.0 |       0 |      17 |   0.0 |   433
        Lair:1 |       0 |    4311 |   0.0 |       0 |      24 |   0.0 |   736
        Lair:2 |       0 |    6319 |   0.0 |       0 |      30 |   0.0 |   837
        Lair:3 |       0 |    4630 |   0.0 |       0 |      16 |   0.0 |   797
        Lair:4 |       0 |    5542 |   0.0 |       0 |      20 |   0.0 |   819
        Lair:5 |       0 |    8366 |   0.0 |       0 |      34 |   0.0 |   811
        Lair:6 |       0 |   21773 |   0.0 |       0 |      69 |   0.0 |  1306
       Swamp:1 |       0 |    8234 |   0.0 |       0 |      26 |   0.0 |   756
       Swamp:2 |       0 |   14129 |   0.0 |       0 |      30 |   0.0 |  1221
       Swamp:3 |       0 |   15337 |   0.0 |       0 |      32 |   0.0 |   924
       Swamp:4 |       0 |   31203 |   0.0 |       0 |      61 |   0.0 |  1095
       Snake:1 |       0 |   17498 |   0.0 |       0 |      28 |   0.0 |  1175
       Snake:2 |       0 |   16740 |   0.0 |       0 |      37 |   0.0 |  1179
       Snake:3 |       0 |   37324 |   0.0 |       0 |      70 |   0.0 |  2285
       Snake:4 |       0 |   70448 |   0.0 |       0 |     108 |   0.0 |  2035
         Orc:1 |       0 |    6952 |   0.0 |       0 |      22 |   0.0 |   948
         Orc:2 |       0 |   14938 |   0.0 |       0 |      56 |   0.0 |   900
         Elf:1 |       0 |   23620 |   0.0 |       0 |      38 |   0.0 |  2073
         Elf:2 |       0 |   35205 |   0.0 |       0 |      51 |   0.0 |  2360
         Elf:3 |       0 |   46871 |   0.0 |       0 |      44 |   0.0 |  2524
      Vaults:1 |       0 |   51343 |   0.0 |       0 |     112 |   0.0 |  1308
      Vaults:2 |       0 |   48562 |   0.0 |       0 |      69 |   0.0 |  1487
      Vaults:3 |       0 |   41336 |   0.0 |       0 |      68 |   0.0 |  1153
      Vaults:4 |       0 |   86100 |   0.0 |       0 |     139 |   0.0 |  1517
      Vaults:5 |       0 |  126686 |   0.0 |       0 |     104 |   0.0 |   725
       Abyss:2 |    8464 |   14165 |  37.4 |      11 |      27 |  28.9 |   510
       Abyss:3 |    6554 |    4468 |  59.5 |      10 |      15 |  40.0 |   392
           Lab |       0 |    1446 |   0.0 |       0 |       5 |   0.0 |   571
         IceCv |       0 |    9783 |   0.0 |       0 |      55 |   0.0 |  2992
               +---------+---------+-------+---------+---------+-------+---------
